 Dungeon Crawl Stone Soup version 0.21-a0-78-g82a99e0 (webtiles) character file.

4813 grindst0ne the Protected (level 10, -5/74 HPs)
             Began as a Formicid Fighter on June 21, 2017.
             Was a Believer of Ru.
             Killed from afar by Erica (20 damage)
             ... with an orb of energy
             ... on level 8 of the Dungeon.
             The game lasted 00:13:37 (7634 turns).

grindst0ne the Protected (Formicid Fighter)         Turns: 7634, Time: 00:13:37

Health: -5/74      AC: 16    Str: 26    XL:     10   Next: 77%
Magic:  10/10      EV:  7    Int:  8    God:    Ru [**....]
Gold:   488        SH: 12    Dex: 13    Spells: 9/9 levels left

rFire    . . .     SeeInvis +   a - +0 war axe
rCold    . . .     Gourm    .   c - +0 shield
rNeg     . . .     Faith    .   r - +0 plate armour
rPois    +         Spirit   .   (helmet unavailable)
rElec    .         Reflect  .   (no cloak)
rCorr    .         Harm     .   (no gloves)
MR       ++...                  (no boots)
Stlth    ..........             u - amulet of regeneration
HPRegen  0.62/turn              i - ring of poison resistance
MPRegen  0.12/turn              n - ring of protection from magic

@: mighty
A: permanent stasis, dig shafts and tunnels, four strong arms, antennae 3,
inability to use devices
a: Dig, Shaft Self, Renounce Religion


You were on level 8 of the Dungeon.
You worshipped Ru.
Ru was pleased with you.
You were not hungry.

You visited 1 branch of the dungeon, and saw 8 of its levels.

You collected 488 gold pieces.

Inventory:

Hand Weapons
 a - a +0 war axe (weapon)
Armour
 b - a +0 scale mail
 c - a +0 shield (worn)
 r - a +0 plate armour (worn)
 v - a +0 chain mail
Jewellery
 i - a ring of poison resistance (left hand)
 n - a ring of protection from magic (right hand)
 u - an amulet of regeneration (around neck)
 F - an uncursed ring of positive energy
Wands
 y - a wand of clouds (6/9)
 A - a wand of disintegration (10/24)
Scrolls
 d - a scroll of enchant weapon {unknown}
 m - a scroll of fog
 o - 5 scrolls of remove curse
 q - 7 scrolls of teleportation
 z - a scroll of fear
 B - a scroll of enchant armour {unknown}
Potions
 e - 2 potions of berserk rage
 g - a potion of curing
 h - 2 potions of agility
 j - a potion of mutation
 k - a potion of flight
 w - a potion of heal wounds
 C - 2 potions of degeneration
 D - a potion of resistance
 E - a potion of brilliance {unknown}
Books
 t - a book of Minor Magic

   Spells                             Type                      Level
   a - Magic Dart                     Conjuration                  1
   b - Blink                          Translocation                2
   c - Call Imp                       Summoning                    2
   d - Slow                           Hexes                        2
   e - Conjure Flame                  Conjuration/Fire             3
   f - Mephitic Cloud                 Conjuration/Poison/Air       3
 G - a book of Debilitation

   Spells                             Type                      Level
   a - Corona                         Hexes                        1
   b - Slow                           Hexes                        2
   c - Inner Flame                    Hexes/Fire                   3
   d - Portal Projectile              Hexes/Translocation          3
   e - Cause Fear                     Hexes                        4
   f - Leda's Liquefaction            Hexes/Earth                  4
 H - Sif Muna's Handbook of the Traveller
   (You found it on level 7 of the Dungeon)

   Spells                             Type                      Level
   a - Apportation                    Translocation                1
Comestibles
 f - 3 bread rations
 l - 3 meat rations
 p - 3 chunks of flesh
 x - 2 royal jellies


   Skills:
 + Level 5.2 Fighting
 - Level 2.0 Axes
 - Level 14.2 Armour
 - Level 8.2 Shields


You had 9 spell levels left.
You didn't know any spells.

Dungeon Overview and Level Annotations

Branches:
Dungeon (8/15)             Temple (0/1) D:4
   Lair: D:8-11

Altars:
Ashenzari
Gozag
Qazlal
Ru
Sif Muna
Uskayaw

Annotations:
D:8 Erica


Innate Abilities, Weirdness & Mutations

You cannot be hasted, slowed, berserked, paralysed or teleported.
You can dig through walls and to a lower floor.
Your four strong arms can wield two-handed weapons with a shield.
You have a pair of large antennae on your head. (SInv)
You cannot study or use magical devices.


Message History

The two-headed ogre is almost dead.
The two-headed ogre hits you with a giant spiked club.
* * * LOW HITPOINT WARNING * * *
The two-headed ogre barely misses you.
You hit the two-headed ogre.
The two-headed ogre is almost dead.
The two-headed ogre hits you but does no damage.
You block the two-headed ogre's attack.
You slash the two-headed ogre!
You kill the two-headed ogre!
Your Fighting skill gained 2 levels and is now at level 5!
You slice Erica!!
Erica is moderately wounded.
Erica hits you but does no damage.
You closely miss Erica.
Erica is moderately wounded.
You block Erica's attack.
Erica points at you and mumbles some strange words.
The orb of energy hits you!
You die...

............###.#................
...##.......##.#..[#.............
..#####....##.##..###............
..# ######)###.## #............
..## ##.#..# ##........... ...##
###.## ##@####......# #...#
.#####.## ####.### #...## ##@#.##
## ####.# #@#.## ### #####


You could see Erica (invisible).

Vanquished Creatures
  A two-headed ogre (D:8)
  Joseph (D:8)
  The ghost of HAL9000 the Cutter, a novice VSAs of Dithmenos (D:5)
  Sigmund (D:3)
  Eustachio (D:6)
  4 yaks (D:4)
  A hungry ghost (D:8)
  Menkaure (D:4)
  A sky beast (D:6)
  2 ice beasts
  An orc warrior (D:7)
  A phantom (D:7)
  2 ogres
  A bullfrog (D:6)
  2 scorpions (D:4)
  A wyvern skeleton (D:7)
  5 killer bees (D:8)
  3 wights (D:8)
  A howler monkey (D:6)
  2 crimson imps (D:6)
  A bullfrog zombie (D:5)
  6 hounds
  2 orc priests
  2 jellies (D:5)
  10 orc wizards
  A bullfrog skeleton (D:7)
  3 iguanas
  6 worker ants
  Robin (D:3)
  3 gnolls (D:5)
  9 adders
  2 oozes
  2 worms (D:4)
  5 leopard geckos
  18 orcs
  5 bats
  4 giant cockroaches
  14 goblins
  9 hobgoblins
  14 jackals
  2 quokkas
  4 ball pythons
  8 frilled lizards
  9 kobolds
  A leopard gecko skeleton (D:4)
  8 rats
182 creatures vanquished.

Vanquished Creatures (others)
  A hippogriff (D:7)
  A bullfrog (D:8)
2 creatures vanquished.

Grand Total: 184 creatures vanquished

Notes
Turn   | Place    | Note
-------+----------+-------------------------------------------
     0 | D:1      | grindst0ne the Formicid Fighter began the quest for the Orb.
     0 | D:1      | Reached XP level 1. HP: 18/18 MP: 1/1
    76 | D:1      | Reached XP level 2. HP: 21/24 MP: 2/2
   431 | D:1      | Reached XP level 3. HP: 23/29 MP: 3/3
   436 | D:1      | Reached skill level 5 in Shields
   885 | D:2      | Found a shattered altar of Ashenzari.
   891 | D:2      | Reached XP level 4. HP: 30/35 MP: 4/4
  1216 | D:2      | Found a faded altar of an unknown god.
  1617 | D:3      | Noticed Robin
  1651 | D:3      | Reached XP level 5. HP: 37/41 MP: 5/5
  1661 | D:3      | Killed Robin
  1783 | D:3      | Noticed Sigmund
  1808 | D:3      | Killed Sigmund
  1808 | D:3      | Reached XP level 6. HP: 21/47 MP: 6/6
  2747 | D:4      | Reached skill level 4 in Armour
  2754 | D:4      | Reached XP level 7. HP: 46/52 MP: 7/7
  2876 | D:4      | Reached skill level 5 in Armour
  3240 | D:4      | Noticed a yak
  3240 | D:4      | Noticed a yak
  3240 | D:4      | Noticed a yak
  3240 | D:4      | Noticed a yak
  3255 | D:4      | Killed a yak
  3255 | D:4      | Reached skill level 6 in Armour
  3263 | D:4      | Killed a yak
  3263 | D:4      | Reached XP level 8. HP: 35/58 MP: 8/8
  3268 | D:4      | Killed a yak
  3268 | D:4      | Reached skill level 7 in Armour
  3278 | D:4      | Killed a yak
  3278 | D:4      | Reached skill level 8 in Armour
  3553 | D:4      | Noticed Menkaure
  3559 | D:4      | Killed Menkaure
  3559 | D:4      | Reached skill level 9 in Armour
  3948 | D:4      | Found a staircase to the Ecumenical Temple.
  4306 | D:5      | Entered Level 5 of the Dungeon
  4422 | D:5      | Reached XP level 9. HP: 62/64 MP: 9/9
  4601 | D:5      | Found a sacrificial altar of Ru.
  4602 | D:5      | Noticed HAL9000's ghost (novice VSAs)
  4612 | D:5      | Killed HAL9000's ghost
  4612 | D:5      | Reached skill level 10 in Armour
  4743 | D:5      | Became a worshipper of Ru the Awakened
  4843 | D:6      | Found a stormy altar of Qazlal.
  4935 | D:6      | Reached skill level 11 in Armour
  4994 | D:6      | Noticed Eustachio
  5052 | D:6      | Killed Eustachio
  5461 | D:6      | Gained mutation: You cannot study or use magical devices. [Ru sacrifice]
  5461 | D:6      | Reached * piety under Ru
  5461 | D:6      | Reached ** piety under Ru
  5569 | D:6      | Reached skill level 12 in Armour
  5744 | D:7      | Noticed a hippogriff
  5763 | D:7      | Killed a hippogriff
  5902 | D:7      | Reached XP level 10. HP: 50/70 MP: 10/10
  6661 | D:7      | Reached skill level 13 in Armour
  6834 | D:7      | Found a deep blue altar of Sif Muna.
  6862 | D:7      | Identified Sif Muna's Handbook of the Traveller
  7012 | D:8      | HP: 3/70 [poisoned by a killer bee]
  7157 | D:8      | Noticed a hand axe
  7158 | D:8      | Noticed a dagger
  7162 | D:8      | Found an opulent altar of Gozag.
  7232 | D:8      | Found a hide-covered altar of Uskayaw.
  7472 | D:8      | Noticed Joseph
  7526 | D:8      | Killed Joseph
  7526 | D:8      | Reached skill level 14 in Armour
  7609 | D:8      | Noticed Erica
  7609 | D:8      | Noticed a two-headed ogre
  7632 | D:8      | Killed a two-headed ogre
  7632 | D:8      | Reached skill level 5 in Fighting
  7634 | D:8      | Killed from afar by Erica

Vault maps used:
D:1:      evilmike_arrival_rings, grunt_decor_cap
D:2:      chequers_ecumenical_altar_island, evilmike_ruin_ashenzari
D:3:      minmay_diamond_boxcup, kennysheep_cluttered_room, st_stairs_13,
          minmay_surrounded, uniq_robin, uniq_sigmund
D:4:      minmay_temple_entry_glassed_door, uniq_menkaure
D:5:      nicolae_overflow_crystal_walls, first_bread
D:6:      overflow_temple_1_default, uniq_eustachio
D:7:      led_sif_book
D:8:      grunt_gozag_breadcrumbs, dancing_weapons_uskayaw,
          hangedman_pestilent_swarm, uniq_joseph, uniq_erica

Skill      XL: |  1  2  3  4  5  6  7  8  9 10 |
---------------+-------------------------------+-----
Shields        | 4 5 6 8 |  8.2
Armour         | 4 6 9 12 14 | 14.2
Fighting       | 5 |  5.2
Axes           | |  2.0

Action                   |  1- 3 |  4- 6 |  7- 9 | 10-12 || total
-------------------------+-------+-------+-------+-------++-------
Melee: War axe           |    81 |   222 |   439 |   357 ||  1099
Invok: Sacrifice Artific |       |       |     1 |       ||     1
 Abil: Dig               |     1 |     7 |     9 |    10 ||    27
  Use: Scroll            |       |     2 |       |     8 ||    10
       Potion            |       |       |     1 |     5 ||     6
  Eat: Chunk             |       |     7 |    13 |     7 ||    27
       Bread ration      |       |       |       |     3 ||     3
Armor: Scale mail        |    34 |    41 |       |       ||    75
       Chain mail        |       |    56 |       |       ||    56
       Plate armour      |       |       |   239 |   213 ||   452
Dodge: Dodged            |    51 |    71 |   102 |   136 ||   360
Block: Shield            |    47 |   119 |   279 |   243 ||   688
